 Dungeon Crawl Stone Soup version 0.31-a0-986-g5e6e4ef867 (webtiles) character file.

Game seed: 4743714122645985663

54 Arex the Charlatan (level 3, 0/24 (27) HPs)
             Began as a Demonspawn Artificer on Nov 10, 2023.
             Slain by a bat (1 damage)
             ... on level 3 of the Dungeon.
             The game lasted 00:03:15 (1692 turns).

Arex the Charlatan (Demonspawn Artificer)           Turns: 1692, Time: 00:03:15

HP:   0/24 (27)     AC:  6    Str: 20    XL:     3   Next: 66%
MP:   2/2           EV: 10    Int: 12    God:
Gold: 80            SH:  0    Dex: 13    Spells: 2/2 levels left

rFire   + . .        g - staff of fire
rCold   . . .        (no shield)
rNeg    . . .        m - +0 scale mail
rPois   .            (helmet restricted)
rElec   .            (no cloak)
rCorr   .            (no gloves)
SInv    .            (no boots)
Will    .....        (no amulet) Stlth
                     p - +6 ring of strength
HPRegen 0.24/turn    (no ring)
MPRegen 0.08/turn

%: no passive effects
@: heavily drained, invisible
A: antennae 1, claws 1, low MP 1, noise suppression
a: no special abilities


You were on level 3 of the Dungeon.
You visited 1 branch of the dungeon, and saw 3 of its levels.

You collected 80 gold pieces.

Inventory:

Hand Weapons
 a - a +0 club
Armour
 b - a +0 leather armour
 m - a +0 scale mail (worn)
Magical Staves
 g - a staff of fire (weapon)
Jewellery
 p - a +6 ring of strength (left claw)
Wands
 c - a wand of flame (6) (quivered)
 d - a wand of charming (27)
 e - a wand of iceblast (4)
Scrolls
 i - a scroll of vulnerability {unknown}
 j - a scroll of torment {unknown}
 k - a scroll of fog {unknown}
 o - a scroll of identify {unknown}
 q - a scroll of immolation
Potions
 h - a potion of resistance {unknown}
 l - a potion of invisibility
 n - a potion of might {unknown}


   Skills:
 + Level 1.8 Fighting
 + Level 1.0 Staves
 + Level 2.3 Armour
 - Level 0.8 Dodging
 - Level 0.8 Stealth
 + Level 1.0 Fire Magic
 + Level 3.4 Evocations


You had 2 spell levels left.
You didn't know any spells.
Your spell library was empty.

Dungeon Overview and Level Annotations

Branches:
Dungeon (3/15)

Altars:


Innate Abilities, Weirdness & Mutations

You have a pair of small antennae on your head.
You have sharp fingernails.
Your magical capacity is low. (-10% MP)
You passively dampen the noise of your surroundings.


Message History

You hear an angry hiss.
The bat hits you but does no damage.
You barely miss the bat. The bat barely misses you.
The goblin hits you but does no damage.
There is a stone staircase leading down here.
You miss the bat. The bat hits you but does no damage.
You barely miss the goblin. The goblin closely misses you. x2
You hit the goblin.
The goblin is moderately wounded.
The goblin barely misses you.
You barely miss the goblin.
The goblin is moderately wounded.
The howler monkey hits you but does no damage.
A ball python comes into view.
An adder comes into view.
The goblin hits you but does no damage. The howler monkey hits you.
The ball python hisses angrily.
You hit the goblin.
The goblin is severely wounded.
The howler monkey barely misses you. The goblin misses you.
The goblin hits you with a +0 club.
You hit the howler monkey. You burn the howler monkey.
The howler monkey is heavily wounded.
The howler monkey hits you. The goblin closely misses you.
The howler monkey hoots and howls with incredible vigour!
You hear a shout!
You hit the goblin.
You kill the goblin!
The bat misses you. The bat hits you. The howler monkey hits you.
* * * LOW HITPOINT WARNING * * *
The bat hits you but does no damage.
Unknown command.
It was a potion of mutation.
You feel extremely strange.
You feel your surroundings grow quieter.
You feel less energetic.
Your fingernails lengthen.
The bat barely misses you. The howler monkey hits you.
* * * LOW HITPOINT WARNING * * *
It was a potion of invisibility.
You fade into invisibility!
The howler monkey barely misses you. The bat hits you.
You die...

#.###.# #.### #.# #.#
#...# #.# #.####.#.##
#.#
#......#..##########
#.#
##.................#
###..####.........#
##...###......... #
#.............### .#
#........#.@#######.#
.......†###hbS......###
#..........##S.........
................)..#...
.#......#.###.†........
#......#...#.##.###...
##########....#...
##.....### #...#.#


You could see a howler monkey (unable to see you), an adder (unable to see you),
a bat and a ball python (unable to see you).

Vanquished Creatures
  An adder (D:2)
  5 ball pythons
  3 bats (D:2)
  2 endoplasms
  2 goblins
  5 hobgoblins
  5 jackals
  8 kobolds
  3 quokkas
  3 frilled lizards
  4 rats
41 creatures vanquished.

Notes
Turn   | Place    | Note
-------+----------+-------------------------------------------
     0 | D:1      | Arex the Demonspawn Artificer began the quest for the Orb.
     0 | D:1      | Reached XP level 1. HP: 15/15 MP: 1/1
   115 | D:1      | Found a faded altar of an unknown god.
   387 | D:1      | Gained mutation: You have a pair of small antennae on your
                  | head. [demonic ancestry]
   387 | D:1      | Reached XP level 2. HP: 13/21 MP: 2/2
  1103 | D:2      | Reached XP level 3. HP: 26/26 MP: 3/3
  1471 | D:2      | Reached skill level 1 in Staves
  1668 | D:3      | Reached skill level 1 in Fire Magic
  1691 | D:3      | Gained mutation: You passively dampen the noise of your
                  | surroundings. [potion of mutation]
  1691 | D:3      | Gained mutation: Your magical capacity is low. (-10% MP)
                  | [potion of mutation]
  1691 | D:3      | Gained mutation: You have sharp fingernails. [potion of
                  | mutation]
  1691 | D:3      | HP: 1/24 [howler monkey (6)]
  1692 | D:3      | Slain by a bat

Illustrated notes

Levels and vault maps discovered:
D:1:      reono_arrival_mine, layout_rooms,
          shapermc_ecumenical_altar_totnotflames
D:2:      layout_rooms, minmay_misc_feat_enclosed, minmay_3d_cube
D:3:      layout_rooms, hangedman_decor_push

Skill      XL: |  1  2  3 |
---------------+----------+-----
Armour         | 2 |  2.3
Staves         | 1 |  1.0
Fire Magic     | 1 |  1.0
Fighting       | |  1.8
Dodging        | |  0.8
Stealth        | |  0.8
Evocations     | |  3.4

Action                     || total
---------------------------++-------
  Melee: Staff             ||   156
         Club              ||    12
  Evoke: Wand              ||    10
    Use: Potion            ||     2
         Scroll            ||     1
 Armour: Leather armour    ||    90
         Scale mail        ||    59
  Dodge: Dodged            ||   129

Table legend: (Time is in decaauts)
 A = Elapsed time spent in this place.
 B = Non-inter-level travel time spent in this place.
 C = Inter-level travel time spent in this place.
 D = Time resting spent in this place.
 E = Time spent auto-exploring this place.
 F = Levels seen in this place.
 G = Mean time per level.
                   A        B        C        D        E       F      G
               +--------+--------+--------+--------+--------+-----+--------+
         Total |   1722 |   1688 |     34 |    392 |    903 |   3 |  574.0 |
       Dungeon |   1722 |   1688 |     34 |    392 |    903 |   3 |  574.0 |
               +--------+--------+--------+--------+--------+-----+--------+

Top non-repeatable levels by time:
     D:1: 811 daAuts
     D:2: 708 daAuts
     D:3: 202 daAuts
